 Dungeon Crawl Stone Soup version 0.29-a0-330-g52719c12eb (webtiles) character file.

Game seed: 13758202729454046631

109 benappo the Poker (level 4, 0/35 HPs)
             Began as a Merfolk Gladiator on May 9, 2022.
             Slain by a white imp (5 damage)
             ... summoned by Natasha
             ... on level 3 of the Dungeon.
             The game lasted 00:03:02 (3694 turns).

benappo the Poker (Merfolk Gladiator)               Turns: 3694, Time: 00:03:03

Health: 0/35       AC:  4    Str: 16    XL:     4   Next: 89%
Magic:  4/4        EV: 13    Int:  7    God:
Gold:   97         SH:  0    Dex: 15    Spells: 3/3 levels left

rFire   . . .      SeeInvis .   a - +0 trident
rCold   . . .      Faith    .   (no shield)
rNeg    . . .      Spirit   .   b - +0 leather armour
rPois   .          Reflect  .   c - +0 helmet
rElec   .          Harm     .   (no cloak)
rCorr   .          Rampage  .   (no gloves)
Will    .....                   (no boots)
Stlth   +.........              (no amulet)
HPRegen 0.11/turn               (no ring)
MPRegen 0.09/turn               (no ring)

@: slowed, very slow
A: (nimble swimmer 2), mertail
a: no special abilities


You were on level 3 of the Dungeon.
You visited 1 branch of the dungeon, and saw 3 of its levels.

You collected 97 gold pieces.

Inventory:

Hand Weapons
 a - a +0 trident (weapon)
Missiles
 e - 5 javelins (quivered)
Armour
 b - a +0 leather armour (worn)
 c - a +0 helmet (worn)
Wands
 g - a wand of iceblast (9)
Scrolls
 i - a scroll of identify {unknown}
 j - a scroll of magic mapping
 k - a scroll of fear
Potions
 f - 3 potions of degeneration {unknown}
 h - 4 potions of curing {unknown}
 l - 4 potions of flight {unknown}


   Skills:
 * Level 3.1 Fighting
 * Level 5.8 Polearms
 + Level 2.0 Throwing
 + Level 0.6 Armour
 + Level 4.6 Dodging
 + Level 0.5 Stealth


You had 3 spell levels left.
You didn't know any spells.
Your spell library contained the following spells:

 Spells                   Type           Power      Damage    Failure   Level
 Sublimation of Blood     Necr           0%         N/A       65%         2
 Wereblood                Tmut           0%         N/A       65%         2
 Summon Hydra             Summ           0%         N/A       100%        7


Dungeon Overview and Level Annotations

Branches:
Dungeon (3/15)

Altars:

Annotations:
D:3 Natasha, Terence


Innate Abilities, Weirdness & Mutations

((You are very nimble when in or above water. (Stealth+, EV+, Speed+++)))
Your lower body shifts to a powerful aquatic tail in water.


Message History

The white imp is moderately wounded.
Natasha struggles against the net.
The white imp gestures at you. The puff of frost misses you.
You barely miss the white imp.
The white imp is moderately wounded.
Natasha struggles against the net. x2
The white imp hits you but does no damage.
You barely miss the white imp.
The white imp is moderately wounded.
Natasha struggles against the net.
The net rips apart, and Natasha comes free!
The white imp hits you but does no damage.
You barely miss the white imp.
The white imp is moderately wounded.
The white imp gestures at you. The puff of frost hits you.
You closely miss the white imp.
The white imp is moderately wounded.
Natasha stares at you and mumbles some strange words.
The magic dart hits you! The white imp closely misses you.
You are too injured to fight recklessly!
Unknown command.
You puncture Natasha!
Natasha is heavily wounded.
Natasha barely misses you.
The white imp hits you but does no damage.
You hit Natasha.
Natasha is severely wounded.
Natasha claws you. The white imp gestures at you. The puff of frost hits you!
* * * LOW HITPOINT WARNING * * *
You closely miss Natasha.
Natasha is severely wounded.
Natasha casts a spell at you.
You feel yourself slow down. The white imp hits you.
* * * LOW HITPOINT WARNING * * *
The white imp freezes you.
You die...

######## ##......# ##
#..###### ###.
##########.##
#..?#######...o5@....#
#.#.........#<.h######
.................##
...........[......#
.....................
.....................
.................##$.#
....†...........## ...
.....!......##....


You could see Natasha, a white imp (summoned) and an orc.

Vanquished Creatures
  Ijyb (D:3)
  2 adders (D:2)
  2 worms (D:2)
  An orc (D:3)
  6 bats
  6 endoplasms
  A giant cockroach (D:1)
  5 hobgoblins (D:1)
  6 jackals (D:2)
  2 quokkas
  7 ball pythons
  5 frilled lizards
  5 goblins
  5 kobolds
  3 rats (D:1)
57 creatures vanquished.

Notes
Turn   | Place    | Note
-------+----------+-------------------------------------------
     0 | D:1      | benappo the Merfolk Gladiator began the quest for the Orb.
     0 | D:1      | Reached XP level 1. HP: 16/16 MP: 1/1
   283 | D:1      | Reached XP level 2. HP: 17/23 MP: 2/2
   666 | D:1      | Found a faded altar of an unknown god.
   919 | D:1      | Reached XP level 3. HP: 27/28 MP: 3/3
  1116 | D:2      | Reached skill level 5 in Polearms
  1881 | D:2      | Reached XP level 4. HP: 34/34 MP: 4/4
  2550 | D:3      | Noticed Ijyb
  2567 | D:3      | Killed Ijyb
  3081 | D:3      | Noticed Terence
  3650 | D:3      | Noticed Natasha
  3694 | D:3      | Slain by a white imp

Illustrated notes

Levels and vault maps discovered:
D:1:      dpeg_arrival_three_smaller_balls, layout_basic,
          dreamdust_ecumenical_altar_statues
D:2:      layout_loops_corners
D:3:      layout_rooms, tgw_xom, uniq_terence, uniq_natasha, uniq_ijyb

Skill      XL: |  1  2  3  4 |
---------------+-------------+-----
Polearms       | 5 |  5.8
Fighting       | 3 |  3.1
Throwing       | |  2.0
Armour         | |  0.6
Dodging        | |  4.6
Stealth        | |  0.5

Action                   |  1- 3 |  4- 6 || total
-------------------------+-------+-------++-------
Melee: Trident           |   133 |   101 ||   234
       Punch             |     1 |     1 ||     2
Throw: Throwing net      |       |     3 ||     3
  Use: Scroll            |     1 |     4 ||     5
 Stab: Sleeping          |     4 |     2 ||     6
       Distracted        |     1 |       ||     1
Armor: Leather armour    |    35 |    18 ||    53
Dodge: Dodged            |   101 |    55 ||   156

Table legend: (Time is in decaauts)
 A = Elapsed time spent in this place.
 B = Non-inter-level travel time spent in this place.
 C = Inter-level travel time spent in this place.
 D = Time resting spent in this place.
 E = Time spent auto-exploring this place.
 F = Levels seen in this place.
 G = Mean time per level.
                   A        B        C        D        E       F      G
               +--------+--------+--------+--------+--------+-----+--------+
         Total |   3712 |   3623 |     89 |    957 |   2236 |   3 | 1237.3 |
       Dungeon |   3712 |   3623 |     89 |    957 |   2236 |   3 | 1237.3 |
               +--------+--------+--------+--------+--------+-----+--------+

Top non-repeatable levels by time:
     D:2: 2529 daAuts
     D:1: 1038 daAuts
     D:3: 144 daAuts
